HSSL
JEFFERSONVILLE-YOUNGSVILLE CENTRAL HS TROJANS @ MASCONOMET HS CHIEFTANS
05/06/2027
 
TOP OF THE 1ST
Jeffersonville-Youngsville Central HS Trojans batting - Pitching for Masconomet HS Chieftans : RHP Chad Adams
Pitching: RHP Chad Adams
Batting: RHB José Rocha 0-0: Ball
1-0: Called Strike
1-1: Swinging Strike
1-2: Ball
2-2: Foul Ball, location: 2F
2-2: Foul Ball, location: 2F
2-2: Foul Ball, location: 2F
2-2: Ball
3-2: Foul Ball, location: 2F
3-2: Foul Ball, location: 2F
3-2: Foul Ball, location: 2F
3-2: SINGLE (Groundball, 3D)
Batting: RHB Steve Mitchell 0-0: Called Strike
0-1: SINGLE (Groundball, 34D)
José Rocha to second
Runner from 2nd tries for 3rd, SAFE, no throw
Batting: LHB Ben Webb 0-0: 3-RUN HOME RUN (Flyball, 89XD), Distance : 426 ft
Batting: RHB Ben Bradley 0-0: Called Strike
0-1: Foul Ball, location: 2F
0-2: Ball
1-2: Strikes out looking
Batting: LHB Tomás Mata 0-0: Called Strike
0-1: Ball
1-1: Foul Ball, location: 2F
1-2: SINGLE (Line Drive, 6)
Batting: RHB Duane Bradley 0-0: Called Strike
0-1: Foul Ball, location: 2F
0-2: Strikes out swinging
Batting: RHB Robbie Harris 0-0: Ball
1-0: Called Strike
1-1: Ball
2-1: Fly out, F2 (Popup, 2R)
Top of the 1st over - 3 run(s), 4 hit(s), 0 error(s), 1 left on base; Jeffersonville-Youngsville Central HS 3 - Masconomet HS 0
BOTTOM OF THE 1ST
Masconomet HS Chieftans batting - Pitching for Jeffersonville-Youngsville Central HS Trojans : RHP Marty Ford
Pitching: RHP Marty Ford
Batting: RHB Ryan Beck 0-0: Ball
1-0: Foul Ball, location: 2F
1-1: Ball
2-1: Ball
3-1: Called Strike
3-2: Strikes out swinging
Batting: SHB Vicente Ramírez 0-0: Ball
1-0: Foul Ball, location: 2F
1-1: Called Strike
1-2: Fly out, F7 (Line Drive, 7)
Batting: RHB Josh Martin 0-0: Ground out 6-3 (Groundball, 6)
Bottom of the 1st over - 0 run(s), 0 hit(s), 0 error(s), 0 left on base; Jeffersonville-Youngsville Central HS 3 - Masconomet HS 0
TOP OF THE 2ND
Jeffersonville-Youngsville Central HS Trojans batting - Pitching for Masconomet HS Chieftans : RHP Chad Adams
Batting: RHB Mike Weeks 0-0: Foul Ball, location: 2F
0-1: Ball
1-1: TRIPLE (Line Drive, 89D)
Batting: RHB Mike McGee 0-0: Called Strike
0-1: Fly out, F7 (Flyball, 78M)
Runner from 3rd tags up, SCORES, no throw
Batting: RHB José Rocha 0-0: Foul Ball, location: 2F
0-1: Foul Ball, location: 2F
0-2: Ball
1-2: Strikes out swinging passed ball, reaches first!
Batting: RHB Steve Mitchell 0-0: Grounds into double play, 6-4-3 (Groundball, 56)
Top of the 2nd over - 1 run(s), 1 hit(s), 0 error(s), 0 left on base; Jeffersonville-Youngsville Central HS 4 - Masconomet HS 0
BOTTOM OF THE 2ND
Masconomet HS Chieftans batting - Pitching for Jeffersonville-Youngsville Central HS Trojans : RHP Marty Ford
Batting: RHB Burt Scott 0-0: Ball
1-0: SINGLE (Groundball, 56S) (infield hit)
Batting: RHB Clancy Castro 0-0: Ball
1-0: Called Strike
1-1: Ball
2-1: Ball
3-1: Base on Balls
Burt Scott to second
Batting: RHB Jack Bowman 0-0: Foul Ball, location: 2F
0-1: Ball
1-1: Fly out, F2 (Popup, 23)
Batting: RHB Lee Justice 0-0: Ball
1-0: Called Strike
1-1: Called Strike
1-2: Fly out, F9 (Flyball, 89M)
Pitching: RHP James Baker
Batting: LHB José Gallardo 0-0: Called Strike
0-1: Foul Ball, location: 2F
0-2: Foul Ball, location: 2F
0-2: Ball
1-2: Ball
2-2: Fly out, F8 (Flyball, 8LM)
Bottom of the 2nd over - 0 run(s), 1 hit(s), 0 error(s), 2 left on base; Jeffersonville-Youngsville Central HS 4 - Masconomet HS 0
TOP OF THE 3RD
Jeffersonville-Youngsville Central HS Trojans batting - Pitching for Masconomet HS Chieftans : RHP Chad Adams
Batting: LHB Ben Webb 0-0: Foul Ball, location: 2F
0-1: Swinging Strike
0-2: Strikes out swinging
Batting: RHB Ben Bradley 0-0: Ball
1-0: Foul Ball, location: 2F
1-1: Foul Ball, location: 2F
1-2: Foul Ball, location: 2F
1-2: Ball
2-2: Ground out 5-3 (Groundball, 56)
Batting: LHB Tomás Mata 0-0: Ball
1-0: SINGLE (Groundball, 6MD)
Batting: RHB Duane Bradley 0-0: Foul Ball, location: 2F
0-1: Foul Ball, location: 2F
0-2: Ball
1-2: Ball
2-2: SINGLE (Flyball, 8LS)
Tomás Mata to second
Batting: RHB Robbie Harris 0-0: Swinging Strike
0-1: Foul Ball, location: 2F
0-2: Ball
1-2: Strikes out looking
Top of the 3rd over - 0 run(s), 2 hit(s), 0 error(s), 2 left on base; Jeffersonville-Youngsville Central HS 4 - Masconomet HS 0
BOTTOM OF THE 3RD
Masconomet HS Chieftans batting - Pitching for Jeffersonville-Youngsville Central HS Trojans : RHP James Baker
Batting: RHB António Rojas 0-0: Ball
1-0: Ball
2-0: Ball
3-0: Called Strike
3-1: Swinging Strike
3-2: Foul Ball, location: 2F
3-2: Base on Balls
Pitching: RHP Jim Bryant
Batting: RHB Ryan Beck 0-0: Ball
1-0: Ball
2-0: Ball
3-0: Base on Balls
António Rojas to second
Pitching: RHP Victor Justice
Batting: SHB Vicente Ramírez 0-0: Swinging Strike
0-1: Foul Ball, location: 2F
0-2: Strikes out looking
Batting: RHB Josh Martin 0-0: Ball
1-0: Swinging Strike
1-1: Ball
2-1: Ball
3-1: Swinging Strike
3-2: Fielders Choice at 2nd, 4-6 (Groundball, 4)
António Rojas to third
Batting: RHB Burt Scott 0-0: Called Strike
0-1: Foul Ball, location: 2F
0-2: Ball
1-2: Reached via error on a dropped throw, E4
António Rojas scores
Josh Martin to second
Batting: RHB Clancy Castro 0-0: Ball
1-0: Called Strike
1-1: Ball
2-1: Ball
3-1: Base on Balls
Josh Martin to third
Burt Scott to second
Batting: RHB Jack Bowman 0-0: Ball
1-0: Called Strike
1-1: Foul Ball, location: 2F
1-2: Ball
2-2: Ball
3-2: Base on Balls
Josh Martin scores
Burt Scott to third
Clancy Castro to second
Batting: RHB Lee Justice 0-0: Called Strike
0-1: Fly out, F5 (Line Drive, 5)
Bottom of the 3rd over - 2 run(s), 0 hit(s), 1 error(s), 3 left on base; Jeffersonville-Youngsville Central HS 4 - Masconomet HS 2
TOP OF THE 4TH
Jeffersonville-Youngsville Central HS Trojans batting - Pitching for Masconomet HS Chieftans : RHP Chad Adams
Batting: RHB Mike Weeks 0-0: Ball
1-0: Called Strike
1-1: Ground out 6-3 (Groundball, 6)
Batting: RHB Mike McGee 0-0: Ball
1-0: Foul Ball, location: 2F
1-1: Swinging Strike
1-2: Strikes out swinging
Batting: RHB José Rocha 0-0: Ball
1-0: Called Strike
1-1: Ball
2-1: Ball
3-1: Foul Ball, location: 2F
3-2: SINGLE (Groundball, 3D)
Batting: RHB Steve Mitchell 0-0: Ball
1-0: Foul Ball, location: 2F
1-1: Fly out, F9 (Line Drive, 9)
Top of the 4th over - 0 run(s), 1 hit(s), 0 error(s), 1 left on base; Jeffersonville-Youngsville Central HS 4 - Masconomet HS 2
BOTTOM OF THE 4TH
Masconomet HS Chieftans batting - Pitching for Jeffersonville-Youngsville Central HS Trojans : RHP Victor Justice
Batting: LHB José Gallardo 0-0: Foul Ball, location: 2F
0-1: SINGLE (Flyball, 7LM)
Batting: RHB António Rojas 0-0: Ball
1-0: Ball
2-0: Grounds into double play, 4-6-3 (Groundball, 4)
Batting: RHB Ryan Beck 0-0: Called Strike
0-1: Called Strike
0-2: Strikes out swinging
Bottom of the 4th over - 0 run(s), 1 hit(s), 0 error(s), 0 left on base; Jeffersonville-Youngsville Central HS 4 - Masconomet HS 2
TOP OF THE 5TH
Jeffersonville-Youngsville Central HS Trojans batting - Pitching for Masconomet HS Chieftans : RHP Chad Adams
Batting: LHB Ben Webb 0-0: Ball
1-0: Ball
2-0: Called Strike
2-1: Foul Ball, location: 2F
2-2: Ball
3-2: DOUBLE (Line Drive, 89XD)
Pitching: RHP Myron Brown
Batting: RHB Ben Bradley 0-0: Ball
1-0: Swinging Strike
1-1: Foul Ball, location: 2F
1-2: Foul Ball, location: 2F
1-2: Foul Ball, location: 2F
1-2: Foul Ball, location: 2F
1-2: Ball
2-2: Ground out 5-3 (Groundball, 5)
Batting: LHB Tomás Mata 0-0: Intentional Walk
Batting: RHB Duane Bradley 0-0: Swinging Strike
0-1: Foul Ball, location: 2F
0-2: Ball
1-2: Foul Ball, location: 2F
1-2: SINGLE (Groundball, 34D)
Ben Webb to third
Tomás Mata to second
Batting: RHB Robbie Harris 0-0: Grounds into fielders choice 6-2 (Groundball, 6M)
Tomás Mata to third
Duane Bradley to second
Batting: RHB Mike Weeks 0-0: Fielders Choice at 2nd, 6-4 (Groundball, 6)
Top of the 5th over - 0 run(s), 2 hit(s), 0 error(s), 2 left on base; Jeffersonville-Youngsville Central HS 4 - Masconomet HS 2
BOTTOM OF THE 5TH
Masconomet HS Chieftans batting - Pitching for Jeffersonville-Youngsville Central HS Trojans : RHP Victor Justice
Batting: SHB Vicente Ramírez 0-0: Foul Ball, location: 2F
0-1: Fly out, F8 (Flyball, 8LM)
Batting: RHB Josh Martin 0-0: Ball
1-0: Foul Ball, location: 2F
1-1: Swinging Strike
1-2: SOLO HOME RUN (Flyball, 7D), Distance : 410 ft
Batting: RHB Burt Scott 0-0: Ball
1-0: Ball
2-0: Called Strike
2-1: Ball
3-1: Base on Balls
Batting: RHB Clancy Castro 0-0: Fly out, F9 (Flyball, 9)
Batting: RHB Jack Bowman 0-0: Ball
1-0: Called Strike
1-1: Ball
2-1: Called Strike
2-2: SINGLE (Flyball, 8LS)
Burt Scott to second
Batting: RHB Lee Justice 0-0: SINGLE (Groundball, 5D)
Burt Scott to third
Jack Bowman to second
Runner from 3rd tries for Home, SAFE, no throw
Batting: LHB José Gallardo 0-0: SINGLE (Groundball, 15S) (infield hit)
Jack Bowman to third
Lee Justice to second
Batting: RHB António Rojas 0-0: Called Strike
0-1: Ball
Wild Pitch!
Jack Bowman scores
Lee Justice to third
José Gallardo to second
1-1: Called Strike
1-2: Ball
2-2: SINGLE (Flyball, 7LM)
Lee Justice scores
José Gallardo to third
Runner from 3rd tries for Home, SAFE, throw made home
Batting: RHB Ryan Beck 0-0: 2-RUN HOME RUN (Flyball, 8RXD), Distance : 445 ft
Batting: SHB Vicente Ramírez 0-0: Ball
1-0: Ball
2-0: Ball
3-0: Called Strike
3-1: Base on Balls
Pitching: RHP Albert Smedley
Batting: RHB Josh Martin 0-0: Foul Ball, location: 2F
0-1: Foul Ball, location: 2F
0-2: Foul Ball, location: 2F
0-2: Foul Ball, location: 2F
0-2: Foul Ball, location: 2F
0-2: Ball
1-2: Ball
2-2: SINGLE (Line Drive, 89M)
Vicente Ramírez to second
Runner from 2nd tries for 3rd, SAFE, no throw
Batting: RHB Burt Scott 0-0: Ball
1-0: Called Strike
1-1: Ball
2-1: Ball
3-1: Called Strike
3-2: Fly out, F6 (Line Drive, 6M)
Bottom of the 5th over - 7 run(s), 7 hit(s), 0 error(s), 2 left on base; Jeffersonville-Youngsville Central HS 4 - Masconomet HS 9
TOP OF THE 6TH
Jeffersonville-Youngsville Central HS Trojans batting - Pitching for Masconomet HS Chieftans : RHP Myron Brown
Batting: RHB Mike McGee 0-0: Ball
1-0: Called Strike
1-1: Swinging Strike
1-2: Strikes out swinging
Batting: RHB José Rocha 0-0: Ball
1-0: SINGLE (Flyball, 7S)
Batting: RHB Steve Mitchell 0-0: Called Strike
0-1: Ball
1-1: SINGLE (Line Drive, 8RS)
José Rocha to second
Batting: LHB Ben Webb 0-0: Ball
1-0: Ball
2-0: Ball
3-0: Base on Balls
José Rocha to third
Steve Mitchell to second
Batting: RHB Ben Bradley 0-0: Ball
1-0: Ball
2-0: Ball
3-0: Called Strike
Balk!
José Rocha scores
Steve Mitchell to third
Ben Webb to second
3-1: Base on Balls
Batting: LHB Tomás Mata 0-0: Fly out, F8 (Flyball, 8RS)
Batting: RHB Duane Bradley 0-0: Called Strike
0-1: Ball
1-1: Foul Ball, location: 2F
1-2: Ball
2-2: Ball
3-2: Ground out 5-3 (Groundball, 56S)
Top of the 6th over - 1 run(s), 2 hit(s), 0 error(s), 3 left on base; Jeffersonville-Youngsville Central HS 5 - Masconomet HS 9
BOTTOM OF THE 6TH
Masconomet HS Chieftans batting - Pitching for Jeffersonville-Youngsville Central HS Trojans : RHP Albert Smedley
Batting: RHB Clancy Castro 0-0: Called Strike
0-1: Foul Ball, location: 2F
0-2: Ball
1-2: Fly out, F8 (Line Drive, 8LD)
Batting: RHB Jack Bowman 0-0: SINGLE (Groundball, 56D)
Batting: RHB Lee Justice 0-0: Called Strike
0-1: Swinging Strike
0-2: Ball
1-2: Ball
2-2: Ball
3-2: Fielders Choice at 2nd, 1-6 (Groundball, P)
Batting: LHB José Gallardo 0-0: Called Strike
0-1: Ball
Lee Justice steals 2nd base
1-1: Fly out, F7 (Flyball, 7)
Bottom of the 6th over - 0 run(s), 1 hit(s), 0 error(s), 1 left on base; Jeffersonville-Youngsville Central HS 5 - Masconomet HS 9
TOP OF THE 7TH
Jeffersonville-Youngsville Central HS Trojans batting - Pitching for Masconomet HS Chieftans : RHP Myron Brown
Batting: RHB Robbie Harris 0-0: Ball
1-0: Foul Ball, location: 2F
1-1: Swinging Strike
1-2: Strikes out swinging
Batting: RHB Mike Weeks 0-0: Ball
1-0: Ball
2-0: Called Strike
2-1: Foul Ball, location: 2F
2-2: Foul Ball, location: 2F
2-2: Ground out 6-3 (Groundball, 56)
Batting: RHB Mike McGee 0-0: Swinging Strike
0-1: Foul Ball, location: 2F
0-2: Ball
1-2: Strikes out swinging
Top of the 7th over - 0 run(s), 0 hit(s), 0 error(s), 0 left on base; Jeffersonville-Youngsville Central HS 5 - Masconomet HS 9
BOTTOM OF THE 7TH
Masconomet HS Chieftans batting - Pitching for Jeffersonville-Youngsville Central HS Trojans : RHP Albert Smedley
Batting: RHB António Rojas 0-0: Called Strike
0-1: Ball
1-1: Ball
2-1: Called Strike
2-2: Foul Ball, location: 2F
2-2: Ball
3-2: Base on Balls
Batting: RHB Ryan Beck 0-0: Ball
1-0: Bunt missed!
1-1: Bunt missed!
1-2: Grounds into double play, 1-4-3 (Groundball, 15S)
Batting: SHB Vicente Ramírez 0-0: Ball
1-0: Swinging Strike
1-1: Called Strike
1-2: Foul Ball, location: 2F
1-2: Ball
2-2: Ball
3-2: SINGLE (Flyball, 7S)
Batting: RHB Josh Martin 0-0: DOUBLE (Line Drive, 7LM)
Vicente Ramírez to third
Batting: RHB Burt Scott 0-0: Ball
1-0: Foul Ball, location: 2F
1-1: Ball
Wild Pitch!
Vicente Ramírez scores
Josh Martin to third
2-1: Ball
3-1: Base on Balls
Batting: RHB Clancy Castro 0-0: Ball
1-0: Ball
2-0: Ball
3-0: Base on Balls
Burt Scott to second
Batting: RHB Jack Bowman 0-0: Ball
1-0: Ball
2-0: Ball
3-0: Called Strike
3-1: Base on Balls
Josh Martin scores
Burt Scott to third
Clancy Castro to second
Pitching: RHP Albert Hunt
Batting: RHB Lee Justice 0-0: Ball
1-0: Called Strike
1-1: Fly out, F6 (Line Drive, 6)
Bottom of the 7th over - 2 run(s), 2 hit(s), 0 error(s), 3 left on base; Jeffersonville-Youngsville Central HS 5 - Masconomet HS 11
TOP OF THE 8TH
Jeffersonville-Youngsville Central HS Trojans batting - Pitching for Masconomet HS Chieftans : RHP Myron Brown
Pitching: RHP Mariano Cruz
Batting: RHB José Rocha 0-0: Fly out, F9 (Flyball, 9)
Batting: RHB Steve Mitchell 0-0: Called Strike
0-1: Swinging Strike
0-2: Foul Ball, location: 2F
0-2: Foul Ball, location: 2F
0-2: Ball
1-2: Ball
2-2: Strikes out swinging
Batting: LHB Ben Webb 0-0: Ball
1-0: Ball
2-0: Ball
3-0: Base on Balls
Batting: RHB Ben Bradley 0-0: Ball
1-0: Ball
2-0: Fielders Choice at 2nd, 6-4 (Groundball, 6)
Top of the 8th over - 0 run(s), 0 hit(s), 0 error(s), 0 left on base; Jeffersonville-Youngsville Central HS 5 - Masconomet HS 11
BOTTOM OF THE 8TH
Masconomet HS Chieftans batting - Pitching for Jeffersonville-Youngsville Central HS Trojans : RHP Albert Hunt
Batting: LHB José Gallardo 0-0: Called Strike
0-1: Swinging Strike
0-2: Ball
1-2: Strikes out swinging
Batting: RHB António Rojas 0-0: Ball
1-0: Ball
2-0: Ball
3-0: Called Strike
3-1: Base on Balls
Batting: RHB Ryan Beck 0-0: Ball
1-0: Called Strike
1-1: Ball
2-1: Ball
3-1: Base on Balls
António Rojas to second
Batting: SHB Vicente Ramírez 0-0: Ball
1-0: Ball
2-0: Grounds into double play, 3-6-3 (Groundball, 34)
Bottom of the 8th over - 0 run(s), 0 hit(s), 0 error(s), 1 left on base; Jeffersonville-Youngsville Central HS 5 - Masconomet HS 11
TOP OF THE 9TH
Jeffersonville-Youngsville Central HS Trojans batting - Pitching for Masconomet HS Chieftans : RHP Mariano Cruz
Batting: LHB Tomás Mata 0-0: Swinging Strike
0-1: Foul Ball, location: 2F
0-2: Foul Ball, location: 2F
0-2: Ground out 6-3 (Groundball, 6D)
Batting: RHB Duane Bradley 0-0: Ball
1-0: Called Strike
1-1: Foul Ball, location: 2F
1-2: Ball
2-2: Foul Ball, location: 2F
2-2: Strikes out looking
Batting: RHB Robbie Harris 0-0: Called Strike
0-1: Ground out 4-3 (Groundball, 4)
Top of the 9th over - 0 run(s), 0 hit(s), 0 error(s), 0 left on base; Jeffersonville-Youngsville Central HS 5 - Masconomet HS 11
Thursday, March 30th, 2017 - OOTP Baseball 17.12 Build 75